 Dungeon Sprint DCSS version 0.26-a0-540-g8a0c9464d7 (webtiles) character file.

Game seed: 16497807113444122429

3236 HoaS the Brawler (level 9, -1/85 HPs)
             Began as a Ghoul Gladiator on Aug 19, 2020.
             Was a Priest of Makhleb.
             Slain by a seven-headed hydra (5 damage)
             ... in the Dungeon (Sprint IX: "|||||||||||||||||||||||||||||").
             The game lasted 00:02:59 (452 turns).

HoaS the Brawler (Ghoul Gladiator)                   Turns: 452, Time: 00:02:59

Health: -1/85      AC: 14    Str: 19    XL:     9   Next: 98%
Magic:  9/9        EV: 16    Int:  3    God:    Makhleb [***...]
Gold:   0          SH:  0    Dex: 12    Spells: 9/9 levels left

rFire    . . .     SeeInvis .     - Unarmed
rCold    + . .     Faith    .   (no shield)
rNeg     + + +     Spirit   .   a - +0 acid dragon scales
rPois    ∞         Reflect  .   b - +0 helmet
rElec    .         Harm     .   (no cloak)
rCorr    +         NoTele   +   (no gloves)
MR       .....                  m - +0 pair of boots
Stlth    +.........             (no amulet)
HPRegen  0.00/turn              o - +2 ring of protection
MPRegen  0.11/turn              p - +2 ring of protection

@: no status effects
A: rotting body, claws 1, cold resistance 1, negative energy resistance 3,
inhibited regeneration, torment resistance, unbreathing
a: Minor Destruction, Lesser Servant of Makhleb, Renounce Religion


You were in the Dungeon.
You worshipped Makhleb.
Makhleb was most pleased with you.
You visited 1 branch

Inventory:

Armour
 a - +0 acid dragon scales (worn)
 b - a +0 helmet (worn)
 m - a +0 pair of boots (worn)
 n - a +1 scale mail
Jewellery
 o - a +2 ring of protection (left claw)
 p - a +2 ring of protection (right claw)
Wands
 l - a wand of iceblast (10)
Scrolls
 h - 2 scrolls of blinking
 j - 5 scrolls of remove curse
 k - 2 scrolls of amnesia
 s - a scroll of silence
 t - a scroll of fear
 u - a scroll of identify
 v - a scroll of fog
Potions
 d - 8 potions of curing
 e - 5 potions of heal wounds
 f - a potion of haste
 g - 4 potions of magic
 i - a potion of invisibility
 q - a potion of might {unknown}
 r - 2 potions of brilliance
Miscellaneous
 w - a box of beasts (3/3)


   Skills:
 + Level 10.0 Fighting
 - Level 1.7 Throwing
 + Level 8.2 Armour
 + Level 8.7 Dodging
 * Level 17.0 Unarmed Combat
 - Level 0.7 Spellcasting


You had 9 spell levels left.
You didn't know any spells.
Your spell library was empty.

Dungeon Overview and Level Annotations

Branches:
Dungeon (1/1)

Altars:
Cheibriados
Dithmenos
Elyvilon
Fedhas
Gozag
Hepliaklqana
Kikubaaqudgha
Makhleb
Nemelex Xobeh
Okawaru
Qazlal
Ru
Sif Muna
Trog
Uskayaw
Vehumet
Wu Jian
Xom
Yredelemnul
Zin
The Shining One
Beogh
Jiyva
Lugonu


Innate Abilities, Weirdness & Mutations

Your body is rotting away.
You thrive by killing the living.
You are immune to poison.
You have sharp fingernails.
Your flesh is cold resistant. (rC+)
You are immune to negative energy. (rN+++)
You do not regenerate when monsters are visible.
You are immune to unholy pain and torment.
You can survive without breathing.


Message History

The seven-headed hydra bites you!
* * * LOW HITPOINT WARNING * * *
The seven-headed hydra misses you. The seven-headed hydra bites you.
* * * LOW HITPOINT WARNING * * *
The crocodile struggles against the net.
A cane toad comes into view.
The cane toad gives a loud, deep croak!
You mangle the seven-headed hydra!!
The seven-headed hydra is almost dead.
The crocodile struggles against the net.
The net rips apart, and the crocodile comes free!
The seven-headed hydra bites you but does no damage.
The seven-headed hydra bites you!
* * * LOW HITPOINT WARNING * * *
The seven-headed hydra bites you!
* * * LOW HITPOINT WARNING * * *
The seven-headed hydra bites you but does no damage.
The seven-headed hydra completely misses you.
The seven-headed hydra misses you. The seven-headed hydra bites you.
You die...

▓_▓.▓
▓_▓.▓F▓
▓_▓.▓Y▓
▓_▓.▓Y▓
▓_▓.▓l▓
▓_▓.▓t▓
▓_▓.▓t▓
▓_▓.▓D▓
▓_▓.▓@▓
▓_▓.▓.▓
▓_▓.▓.▓
▓_▓.▓.▓
▓'▓.▓.▓
▓.▓.▓.▓
▓.▓.▓.▓
▓.▓.▓.▓
▓.▓.▓!▓


You could see a seven-headed hydra, 2 yaks, a cane toad, a basilisk and 2
crocodiles.

Vanquished Creatures
  A hydra (D)
  A centaur warrior (D)
  An ugly thing (D)
  A cyclops (D)
  Joseph (D)
  A hippogriff (D)
  2 yaks (D)
  An acid dragon (D)
  An ogre (D)
  A centaur (D)
  A jelly (D)
  A quasit (D)
  2 gnolls (D)
  A leopard gecko (D)
  A bat (D)
  A giant cockroach (D)
  A goblin (D)
  A quokka (D)
  A ball python (D)
  A kobold (D)
  A quokka zombie (D)
23 creatures vanquished.

Notes
Turn   | Place    | Note
-------+----------+-------------------------------------------
     0 | D        | HoaS the Ghoul Gladiator began the quest for the Orb.
     0 | D        | Reached XP level 1. HP: 17/17 MP: 0/0
     4 | D        | Reached skill level 4 in Unarmed Combat
    11 | D        | Reached skill level 5 in Unarmed Combat
    13 | D        | Reached XP level 2. HP: 18/24 MP: 1/1
    84 | D        | Noticed an ogre
    87 | D        | Reached skill level 6 in Unarmed Combat
    92 | D        | Killed an ogre
    92 | D        | Reached skill level 10 in Unarmed Combat
    92 | D        | Reached XP level 3. HP: 29/29 MP: 2/2
    92 | D        | Reached XP level 4. HP: 36/36 MP: 3/3
    99 | D        | Reached XP level 5. HP: 41/41 MP: 4/4
   114 | D        | Found a roughly hewn altar of Beogh.
   114 | D        | Found a snail-covered altar of Cheibriados.
   114 | D        | Found a shadowy altar of Dithmenos.
   114 | D        | Found a white marble altar of Elyvilon.
   114 | D        | Found a blossoming altar of Fedhas.
   114 | D        | Found an opulent altar of Gozag.
   115 | D        | Found a hazy altar of Hepliaklqana.
   116 | D        | Found a viscous altar of Jiyva.
   117 | D        | Found an ancient bone altar of Kikubaaqudgha.
   118 | D        | Found a corrupted altar of Lugonu.
   119 | D        | Found a burning altar of Makhleb.
   120 | D        | Found a sparkling altar of Nemelex Xobeh.
   121 | D        | Found an iron altar of Okawaru.
   122 | D        | Found a stormy altar of Qazlal.
   123 | D        | Found a sacrificial altar of Ru.
   124 | D        | Found a shimmering blue altar of Sif Muna.
   125 | D        | Found a bloodstained altar of Trog.
   126 | D        | Found a hide-covered altar of Uskayaw.
   127 | D        | Became a worshipper of Makhleb the Destroyer
   128 | D        | Found a radiant altar of Vehumet.
   129 | D        | Found an ornate altar of the Wu Jian Council.
   130 | D        | Found a shimmering altar of Xom.
   131 | D        | Found a basalt altar of Yredelemnul.
   132 | D        | Found a glowing silver altar of Zin.
   133 | D        | Found a glowing golden altar of the Shining One.
   177 | D        | Noticed a hippogriff
   177 | D        | Noticed a yak
   177 | D        | Noticed a centaur
   181 | D        | Killed a centaur
   181 | D        | Reached skill level 12 in Unarmed Combat
   188 | D        | Killed a yak
   188 | D        | Reached XP level 6. HP: 53/53 MP: 4/6
   192 | D        | Reached * piety under Makhleb
   192 | D        | Reached skill level 13 in Unarmed Combat
   201 | D        | Killed a hippogriff
   201 | D        | Reached ** piety under Makhleb
   201 | D        | Reached skill level 5 in Fighting
   201 | D        | Reached skill level 5 in Dodging
   201 | D        | Reached XP level 7. HP: 62/62 MP: 5/7
   221 | D        | Noticed a cyclops
   221 | D        | Noticed a white ugly thing
   221 | D        | Noticed a centaur warrior
   221 | D        | Noticed an eight-headed hydra
   221 | D        | Noticed a yak
   229 | D        | Killed an eight-headed hydra
   229 | D        | Reached skill level 15 in Unarmed Combat
   229 | D        | Reached XP level 8. HP: 73/73 MP: 8/8
   232 | D        | Killed a yak
   243 | D        | Killed a centaur warrior
   243 | D        | Reached skill level 16 in Unarmed Combat
   243 | D        | Reached XP level 9. HP: 82/82 MP: 9/9
   249 | D        | Killed a white ugly thing
   249 | D        | Reached *** piety under Makhleb
   262 | D        | Killed a cyclops
   343 | D        | Noticed Joseph
   351 | D        | Killed Joseph
   351 | D        | Reached skill level 10 in Fighting
   351 | D        | Reached skill level 17 in Unarmed Combat
   446 | D        | Noticed a seven-headed hydra
   451 | D        | Noticed a cane toad
   452 | D        | HP: 4/85 [seven-headed hydra (8)]
   452 | D        | Slain by a seven-headed hydra

Illustrated notes

Levels and vault maps discovered:
D:        linesprint [early_d, line_temple, items_1, d_10, items_2, lair_1,
          lair_end, items_3, orc_1, orc_end, items_4, d_15, swamp_1, shoals_1,
          snake_1, spider_1, d_20, vaults_1, items_5, swamp_end, shoals_end,
          snake_end, spider_end, vaults_end, d_27, items_6, zot_1, zot_end,
          crypt_end, forest_end, elf_end, slime_end, tomb_end, abyss_end,
          pan_hell_end]

Skill      XL: |  1  2  3  4  5  6  7  8  9 |
---------------+----------------------------+-----
Unarmed Combat | 5 10 12 13 15 16 17 | 17.0
Fighting       | 4 5 7 8 10 | 10.0
Armour         | 2 4 6 7 8 |  8.2
Dodging        | 4 5 6 7 8 |  8.7
Throwing       | |  1.7
Spellcasting   | |  0.7

Action                   |  1- 3 |  4- 6 |  7- 9 || total
-------------------------+-------+-------+-------++-------
Melee: Unarmed           |    15 |    30 |    47 ||    92
       Punch             |     3 |     3 |     3 ||     9
Throw: Throwing net      |     1 |     1 |     3 ||     5
 Stab: Held in net/web   |       |     1 |       ||     1
Armor: Leather armour    |     4 |     1 |       ||     5
       Scale mail        |       |    10 |     9 ||    19
       Acid dragon scale |       |       |     8 ||     8
Dodge: Dodged            |     2 |    12 |    20 ||    34

Table legend: (Time is in decaauts)
 A = Elapsed time spent in this place.
 B = Non-inter-level travel time spent in this place.
 C = Inter-level travel time spent in this place.
 D = Time resting spent in this place.
 E = Time spent auto-exploring this place.
 F = Levels seen in this place.
 G = Mean time per level.
                   A        B        C        D        E       F      G
               +--------+--------+--------+--------+--------+-----+--------+
         Total |    430 |    430 |      0 |    105 |     70 |   1 |  430.0 |
       Dungeon |    430 |    430 |      0 |    105 |     70 |   1 |  430.0 |
               +--------+--------+--------+--------+--------+-----+--------+

Top non-repeatable levels by time:
       D: 430 daAuts
